 Dungeon Crawl Stone Soup version 0.22-a0-136-g83a10e5 (webtiles) character file.

12415 Lathuz the Severer (level 11, -5/160 HPs)
             Began as a Minotaur Berserker on Feb 3, 2018.
             Was an Elder of Trog.
             Slain by a salamander
             ... wielding a +0 glaive
              (14 damage)
             ... in a volcano.
             The game lasted 00:22:23 (12087 turns).

Lathuz the Severer (Minotaur Berserker)            Turns: 12087, Time: 00:22:24

Health: -5/160     AC: 13    Str: 27    XL:     11   Next: 62%
Magic:  0/3        EV:  8    Int:  4    God:    Trog [****..]
Gold:   771        SH:  0    Dex: 13    Spells: 10/10 levels left

rFire    . . .     SeeInvis .   I - +2 war axe (antimagic)
rCold    . . .     Gourm    .   (no shield)
rNeg     . . .     Faith    .   a - +0 plate armour
rPois    .         Spirit   +   (helmet restricted)
rElec    .         Reflect  .   (no cloak)
rCorr    .         Harm     .   w - +0 pair of gloves
MR       ++...                  B - +0 pair of boots
Stlth    ..........             x - amulet of guardian spirit
HPRegen  1.36/turn              (no ring)
MPRegen  0.08/turn              (no ring)

@: berserking, regenerating, very quick
A: retaliatory headbutt, horns 2
a: Berserk, Trog's Hand, Brothers in Arms, Burn Spellbooks, Renounce Religion


You were in a volcano.
You worshipped Trog.
Trog was greatly pleased with you.
You were not hungry.

You visited 3 branches of the dungeon, and saw 13 of its levels.
You also visited: Volcano.

You collected 771 gold pieces.

Inventory:

Hand Weapons
 I - a +2 antimagic war axe (weapon)
Missiles
 d - 442 stones (quivered)
 E - 3 poisoned javelins
 G - 14 tomahawks
Armour
 a - a +0 plate armour (worn)
 w - a +0 pair of gloves (worn)
 B - a +0 pair of boots (worn)
Jewellery
 n - an uncursed ring of fire
 x - an amulet of guardian spirit (around neck)
 z - a +4 ring of intelligence
Wands
 t - a wand of acid (10)
 A - a wand of iceblast (8)
Scrolls
 e - 3 scrolls of identify
 f - 2 scrolls of random uselessness {unknown}
 h - a scroll of fear {unknown}
 i - 3 scrolls of blinking {unknown}
 q - 4 scrolls of remove curse
 r - 4 scrolls of teleportation {unknown}
 u - 2 scrolls of fog {unknown}
 v - 3 scrolls of enchant weapon {unknown}
 y - 4 scrolls of magic mapping {unknown}
 C - 3 scrolls of amnesia {unknown}
 F - 2 scrolls of brand weapon {unknown}
 H - a scroll of immolation {unknown}
 J - 2 scrolls of enchant armour {unknown}
Potions
 b - a potion of cancellation {unknown}
 g - 6 potions of curing {unknown}
 j - 3 potions of mutation {unknown}
 k - a potion of invisibility {unknown}
 l - 3 potions of might {unknown}
 m - 2 potions of haste {unknown}
 o - 3 potions of brilliance {unknown}
 p - 3 potions of lignification {unknown}
 s - 2 potions of agility {unknown}
 L - a potion of ambrosia {unknown}
Books
 D - a Young Poisoner's Handbook

   Spells                             Type                      Level
   a - Sting                          Conjuration/Poison           1
   b - Poisonous Vapours              Poison/Air                   2
   c - Mephitic Cloud                 Conjuration/Poison/Air       3
   d - Olgreb's Toxic Radiance        Poison                       4
   e - Venom Bolt                     Conjuration/Poison           5
   Trog disapproves of the use of such an item.
 K - a book of Beasts

   Spells                             Type                      Level
   a - Summon Butterflies             Summoning                    1
   b - Call Canine Familiar           Summoning                    3
   c - Summon Ice Beast               Ice/Summoning                4
   d - Summon Mana Viper              Hexes/Summoning              5
   e - Summon Hydra                   Summoning                    7
   Trog disapproves of the use of such an item.
Comestibles
 c - 15 rations


   Skills:
 + Level 13.0 Fighting
 * Level 17.2 Axes
 - Level 2.4 Armour
 - Level 2.1 Dodging


You had 10 spell levels left.
You didn't know any spells.

Dungeon Overview and Level Annotations

Branches:
Dungeon (11/15)            Temple (1/1) D:4            Lair (1/6) D:11
    Orc (0/2) D:9

Altars:
Ashenzari
Cheibriados
Dithmenos
Elyvilon
Gozag
Hepliaklqana
Kikubaaqudgha
Makhleb
Nemelex Xobeh
Okawaru
Qazlal
Ru
Trog
Uskayaw
Vehumet
Xom
Zin
The Shining One

Shops:
D:4 [   D:10 [   D:11 =([:

Annotations:
D:9 1 runed door
D:10 exclusion: oklob plant


Innate Abilities, Weirdness & Mutations

You reflexively headbutt those who attack you in melee.
You have a pair of horns on your head.


Message History

Your polar bear claws the salamander.
Your polar bear claws the salamander but does no damage.
The salamander hits you from afar with a trident.
* * * LOW HITPOINT WARNING * * *
You are engulfed in flames!
* * * LOW HITPOINT WARNING * * *
The salamander hits you from afar with a glaive.
* * * LOW HITPOINT WARNING * * *
You are engulfed in flames!
* * * LOW HITPOINT WARNING * * *
You swap places.
You feel a strong urge to attack something.
The salamander hits you but does no damage.
There is an open door, spattered with blood here.
Things that are here:
a quarterstaff; a robe; a salamander corpse You slash the salamander!
You headbutt the salamander.
The salamander is moderately wounded.
You hit the salamander. The salamander hits you with a glaive!
You die...

#......≈≈§≈≈
#....≈§≈≈≈≈§
#....≈≈§≈§≈≈
##....≈§≈§§≈ #
###...§§≈§≈ #. #####
##..§≈§≈≈ ###.##...##
##..§.≈≈≈≈
#.8..#....###8.....≈≈≈
#._.N@h∩.)'........≈≈≈
#.8.N#....###8......≈≈
###.##...## ####......
#. ##### ####... #
####


You could see 2 salamanders and a friendly polar bear (berserk).

Vanquished Creatures
  The ghost of TabToWin the Carver, a journeyman DsWn of Qazlal (D:10)
  An unseen horror (D:10)
  An elephant (D:11)
  A salamander (Volcano)
  Joseph (D:10)
  2 trolls (D:10)
  Grinder (D:3)
  Sigmund (D:6)
  A spriggan (D:7)
  5 yaks
  A basilisk (D:11)
  6 fire bats (Volcano)
  2 hungry ghosts
  The ghost of mortelune the Chiller, an amateur DsIE (D:3)
  A soldier ant (D:11)
  2 water moccasins (Lair:1)
  A porcupine (Lair:1)
  3 orc warriors
  A hornet zombie (D:10)
  5 ice beasts
  4 sky beasts
  5 eyes of draining
  4 ogres
  10 centaurs
  A crocodile (D:11)
  4 bullfrogs
  11 scorpions
  6 killer bees
  A howler monkey (D:9)
  An electric eel (Lair:1)
  5 crimson imps
  6 lava snakes (Volcano)
  A centaur zombie (D:11)
  4 orc priests
  A bullfrog zombie (D:8)
  A centaur skeleton (D:4)
  8 hounds
  A bullfrog skeleton (D:9)
  Crazy Yiuf (D:5)
  3 jellies
  2 iguanas
  Ijyb (D:5)
  11 orc wizards
  19 worker ants
  2 hound zombies
  4 gnolls (D:4)
  A howler monkey skeleton (D:5)
  A worker ant zombie (D:5)
  9 adders
  4 shadow imps
  An ooze (D:3)
  3 adder skeletons
  3 worms
  3 leopard geckos
  33 orcs
  3 ball pythons
  8 bats
  9 giant cockroaches
  9 goblins
  10 hobgoblins
  5 kobolds
  5 quokkas
  4 frilled lizards
  A jackal zombie (D:6)
  A leopard gecko skeleton (D:4)
  9 rats
  2 butterflies (D:9)
279 creatures vanquished.

Vanquished Creatures (collateral kills)
  A hydra (D:11)
  A salamander mystic (Volcano)
  An adder (D:11)
3 creatures vanquished.

Grand Total: 282 creatures vanquished

Notes
Turn   | Place    | Note
-------+----------+-------------------------------------------
     0 | D:1      | Lathuz the Minotaur Berserker began the quest for the Orb.
     0 | D:1      | Reached XP level 1. HP: 19/19 MP: 0/0
   101 | D:1      | Reached skill level 4 in Axes
   325 | D:1      | Reached XP level 2. HP: 27/27 MP: 1/1
   980 | D:2      | Reached XP level 3. HP: 32/33 MP: 2/2
  1061 | D:2      | Found an ancient bone altar of Kikubaaqudgha.
  1287 | D:2      | Reached skill level 5 in Axes
  1419 | D:2      | Reached ** piety under Trog
  1839 | D:3      | Reached XP level 4. HP: 39/41 MP: 3/3
  1902 | D:3      | Noticed mortelune's ghost (amateur DsIE)
  1947 | D:3      | Killed mortelune's ghost
  1947 | D:3      | Reached skill level 5 in Fighting
  1947 | D:3      | Reached skill level 6 in Axes
  1947 | D:3      | Reached XP level 5. HP: 48/48 MP: 4/4
  2098 | D:3      | Noticed Grinder
  2108 | D:3      | Killed Grinder
  2108 | D:3      | Reached skill level 7 in Axes
  2108 | D:3      | Reached XP level 6. HP: 57/57 MP: 5/5
  2495 | D:4      | Reached skill level 8 in Axes
  2518 | D:4      | Found a staircase to the Ecumenical Temple.
  2530 | Temple   | Entered the Ecumenical Temple
  2543 | D:4      | Reached XP level 7. HP: 63/63 MP: 6/6
  2834 | D:4      | Reached *** piety under Trog
  2904 | D:4      | Found Duogg's Antique Armour Boutique.
  3028 | D:5      | Entered Level 5 of the Dungeon
  3088 | D:5      | Reached skill level 9 in Axes
  3283 | D:5      | HP: 3/66 [poisoned by a scorpion]
  3288 | D:5      | HP: 2/66 [poisoned by a scorpion]
  3295 | D:5      | HP: 2/66 [poisoned by a scorpion]
  3303 | D:5      | HP: 1/66 [poisoned by a scorpion]
  3637 | D:5      | Found a runed door.
  3684 | D:5      | Noticed Ijyb
  3693 | D:5      | Killed Ijyb
  4089 | D:5      | Found a shattered altar of Ashenzari.
  4089 | D:5      | Found a snail-covered altar of Cheibriados.
  4120 | D:5      | Reached XP level 8. HP: 73/73 MP: 7/7
  4225 | D:5      | Found a sparkling altar of Nemelex Xobeh.
  4225 | D:5      | Found a white marble altar of Elyvilon.
  4226 | D:5      | Found a shimmering altar of Xom.
  4229 | D:5      | Found an opulent altar of Gozag.
  4251 | D:5      | Reached skill level 10 in Axes
  4460 | D:5      | Noticed Crazy Yiuf
  4464 | D:5      | Killed Crazy Yiuf
  4600 | D:6      | Found an iron altar of Okawaru.
  4834 | D:6      | Noticed Sigmund
  4840 | D:6      | Killed Sigmund
  5041 | D:6      | Reached skill level 11 in Axes
  5186 | D:6      | Noticed an enchanted hand axe
  5187 | D:6      | Noticed a hand axe
  5187 | D:6      | Found a hide-covered altar of Uskayaw.
  5773 | D:7      | Reached XP level 9. HP: 78/83 MP: 8/8
  5778 | D:7      | Reached skill level 12 in Axes
  6451 | D:7      | Reached skill level 13 in Axes
  6463 | D:7      | Reached skill level 10 in Fighting
  6489 | D:7      | Reached **** piety under Trog
  7403 | D:9      | Reached XP level 10. HP: 94/94 MP: 7/9
  7419 | D:10     | Entered Level 10 of the Dungeon
  7806 | D:9      | Found a staircase to the Orcish Mines.
  7812 | D:9      | Reached skill level 14 in Axes
  8022 | D:9      | Found a bloodstained altar of Trog.
  8217 | D:9      | Found a burning altar of Makhleb.
  8221 | D:9      | Found a radiant altar of Vehumet.
  8249 | D:9      | Found a runed door.
  8257 | D:9      | Found a runed door.
  8792 | D:10     | Found a stormy altar of Qazlal.
  8792 | D:10     | Noticed an oklob plant
  8961 | D:10     | Noticed Joseph
  8968 | D:10     | Killed an unseen horror
  8968 | D:10     | Reached skill level 15 in Axes
  8972 | D:10     | Killed Joseph
  8972 | D:10     | Reached ***** piety under Trog
  9304 | D:10     | Found Ahurol's Antique Armour Shoppe.
  9325 | D:10     | Noticed TabToWin's ghost (journeyman DsWn)
  9342 | D:10     | Killed TabToWin's ghost
  9342 | D:10     | Received a gift from Trog
  9564 | D:10     | Reached XP level 11. HP: 89/104 MP: 2/10
 10035 | D:11     | Noticed a six-headed hydra
 10039 | D:11     | Killed a six-headed hydra
 10039 | D:11     | Reached skill level 16 in Axes
 10163 | D:11     | Found Iplonidde's Weapon Emporium.
 10279 | D:11     | Found a staircase to the Lair.
 10722 | D:11     | Found Gipaadoihy's Jewellery Shoppe.
 10889 | D:11     | Found Poiker's Antique Armour Shop.
 10916 | D:11     | Found Goacvoar's Book Boutique.
 11065 | Lair:1   | Entered Level 1 of the Lair of Beasts
 11362 | Lair:1   | Found a dark tunnel.
 11367 | Volcano  | Entered a volcano
 11907 | Volcano  | Reached skill level 17 in Axes
 12075 | Volcano  | Found a radiant altar of Vehumet.
 12075 | Volcano  | Noticed a salamander mystic
 12084 | Volcano  | Killed a salamander mystic
 12085 | Volcano  | HP: 7/160 [salamander/glaive (8)]
 12087 | Volcano  | Slain by a salamander

Vault maps used:
D:1:      minmay_arrival_shattered_statue, hangedman_decor_push
D:2:      nicolae_overflow_hidden_temple
D:3:      uniq_grinder
D:4:      minmay_temple_entry_statues_fountains, serial_shops, kennysheep_mini,
          st_stairs_8, feat_on_display
D:5:      gammafunk_temple_overflow_claw, kennysheep_little_box,
          gammafunk_temple_overflow_elements, gup_sewer_entry_bowl,
          first_ration, uniq_ijyb, uniq_crazy_yiuf_cottage
D:6:      kennysheep_okawaru_gauntlet, dancing_weapons_uskayaw, uniq_sigmund
D:7:      the_bakery
D:9:      lemuel_insect_pit, grunt_temple_overflow_lords_of_destruction,
          trog_eyes_of_draining, orc_0_dummy
D:10:     serial_shops, shop, lemuel_oklob_altar, uniq_joseph
D:11:     david_lair_generic, serial_shops, nicolae_shop_waterfront,
          shop_fountains, nicolae_shop_behind_doors, nicolae_shop_statue_plus
Temple:   eino_temple_lava
Lair:1:   nicolae_volcano_entry_s_turn, infiniplex_staircase_pool,
          grunt_megastairs_3, uniq_harold
Volcano:  volcano_grotto

Skill      XL: |  1  2  3  4  5  6  7  8  9 10 11 |
---------------+----------------------------------+-----
Axes           | 4 5 6 7 8 9 11 13 15 17 | 17.2
Fighting       | 4 5 6 7 9 10 12 13 | 13.0
Armour         | |  2.4
Dodging        | |  2.1

Action                   |  1- 3 |  4- 6 |  7- 9 | 10-12 || total
-------------------------+-------+-------+-------+-------++-------
Melee: Hand axe          |    49 |    35 |   222 |       ||   306
       Headbutt          |     5 |    10 |    64 |    68 ||   147
       War axe           |       |       |    88 |   291 ||   379
Throw: Stone             |    28 |       |   134 |   142 ||   304
       Javelin           |    50 |    17 |    29 |       ||    96
       Tomahawk          |       |       |    13 |       ||    13
Invok: Burn Spellbooks   |     1 |       |     1 |     1 ||     3
       Berserk           |       |     4 |     9 |    10 ||    23
       Trog's Hand       |       |     1 |     3 |     5 ||     9
       Brothers in Arms  |       |       |       |     4 ||     4
  Use: Scroll            |     3 |       |     4 |       ||     7
  Eat: Chunk             |     3 |     5 |    22 |    16 ||    46
       Ration            |       |       |     1 |     4 ||     5
Armor: Animal skin       |     1 |       |       |       ||     1
       Ring mail         |     9 |     4 |       |       ||    13
       Chain mail        |       |     4 |   104 |     6 ||   114
       Plate armour      |       |       |       |   172 ||   172
Dodge: Dodged            |    25 |    11 |    82 |   100 ||   218

Table legend:
 A = Spawn XP
 B = Non-spawn XP
 C = Spawn XP percentage of total XP
 D = Spawn monster count
 E = Non-spawn monster count
 F = Spawn count percentage of total count
 G = Total turns spent on level
                    A         B        C        D         E        F      G
               +---------+---------+-------+---------+---------+-------+---------
         Total |       0 |   17737 |   0.0 |       0 |     280 |   0.0 | 12087
               +---------+---------+-------+---------+---------+-------+---------
           D:1 |       0 |      30 |   0.0 |       0 |      16 |   0.0 |   722
           D:2 |       0 |      54 |   0.0 |       0 |      23 |   0.0 |   956
           D:3 |       0 |     517 |   0.0 |       0 |      19 |   0.0 |   606
           D:4 |       0 |     420 |   0.0 |       0 |      25 |   0.0 |   742
           D:5 |       0 |     612 |   0.0 |       0 |      23 |   0.0 |  1507
           D:6 |       0 |     675 |   0.0 |       0 |      11 |   0.0 |   878
           D:7 |       0 |    2100 |   0.0 |       0 |      24 |   0.0 |  1124
           D:8 |       0 |     507 |   0.0 |       0 |      12 |   0.0 |   688
           D:9 |       0 |    2317 |   0.0 |       0 |      44 |   0.0 |  1113
          D:10 |       0 |    4066 |   0.0 |       0 |      25 |   0.0 |  1507
          D:11 |       0 |    3615 |   0.0 |       0 |      40 |   0.0 |  1220
        Lair:1 |       0 |     496 |   0.0 |       0 |       4 |   0.0 |   302
       Volcano |       0 |    2328 |   0.0 |       0 |      14 |   0.0 |   720
               +---------+---------+-------+---------+---------+-------+---------
